 Dungeon Crawl Stone Soup version 0.28-a0-1616-g050a50673c (webtiles) character file.

Game seed: 9557035859195768158

17878 Smuffin the Fighter (level 12, -5/93 HPs)
             Began as a Hill Orc Conjurer on Jan 22, 2022.
             Was a High Priest of Hepliaklqana.
             Killed from afar by a white draconian (21 damage)
             ... with a blast of cold
             ... in an ice cave.
             The game lasted 00:48:21 (16515 turns).

Smuffin the Fighter (Hill Orc Conjurer)            Turns: 16515, Time: 00:48:21

Health: -5/93      AC: 13    Str: 17      XL:     12   Next: 52%
Magic:  21/30      EV: 12    Int: 18 (22) God:    Hepliaklqana [*****.]
Gold:   631        SH:  0    Dex:  9      Spells: 12/23 levels left

rFire   . . .      SeeInvis .   E - +8 dagger of Karuif {chaos, Fragile rPois MP+9 Str+6}
rCold   . . .      Faith    +   C - orb {*channel}
rNeg    + . .      Spirit   .   u - +3 leather armour {rN+}
rPois   +          Reflect  .   (no helmet)
rElec   .          Harm     .   (no cloak)
rCorr   .          Rampage  .   g - +1 pair of gloves
Will    .....                   j - +0 pair of boots
Stlth   +++.......              G - amulet of faith
HPRegen 0.25/turn               h - +4 ring of protection
MPRegen 0.22/turn               (no ring)

@: no status effects
A: reduced essence
a: Renounce Religion, Recall Ancestor, Ancestor Identity, Transference, Idealise


You were in an ice cave.
You worshipped Hepliaklqana.
Hepliaklqana was extremely pleased with you.
You visited 2 branches of the dungeon, and saw 11 of its levels.
You also visited: Sewer and Ice Cave.

You collected 703 gold pieces.
You spent 72 gold pieces at shops.

Inventory:

Hand Weapons
 x - the +4 trident "Girchuatu" {freeze, rC- Str+5 Dex+2}
   (You found it on level 9 of the Dungeon)

   It freezes those it strikes, dealing additional cold damage.
   It can also slow down cold-blooded creatures.
   Str:       It affects your strength (+5).
   Dex:       It affects your dexterity (+2).
   rC:        It makes you vulnerable to cold.
 E - the +8 dagger of Karuif (weapon) {chaos, Fragile rPois MP+9 Str+6}
   (You took it off a kobold demonologist on level 9 of the Dungeon)

   Each time it hits an enemy it has a different, random effect.
   Str:       It affects your strength (+6).
   rPois:     It protects you from poison.
   MP:        It affects your magic capacity (+9).
   Fragile:   It will be destroyed if unequipped.
 I - a +1 hand axe of pain
Missiles
 w - 4 throwing nets
Armour
 g - a +1 pair of gloves (worn)
 j - a +0 pair of boots (worn)
 l - a +0 ring mail
 u - a +3 leather armour of positive energy (worn)
 C - an orb of energy (worn)
Jewellery
 d - a ring of poison resistance
 h - a +4 ring of protection (left hand)
 G - an amulet of faith (around neck)
Wands
 i - a wand of digging (7)
 v - a wand of acid (1)
 B - a wand of iceblast (9)
 F - a wand of mindburst (7)
Scrolls
 b - 2 scrolls of identify
 c - 3 scrolls of fear
 k - a scroll of enchant weapon
 y - a scroll of teleportation
 A - a scroll of magic mapping
 D - 4 scrolls of amnesia
 H - a scroll of enchant armour
Potions
 a - a potion of lignification
 e - a potion of might
 m - 2 potions of berserk rage
 n - 5 potions of heal wounds
 o - 2 potions of brilliance
 q - a potion of haste
 r - 2 potions of attraction
 z - 3 potions of magic


   Skills:
 - Level 9.1 Fighting
 + Level 5.9 Short Blades
 - Level 3.6 Armour
 - Level 4.7 Dodging
 - Level 5.7 Stealth
 - Level 6.1 Spellcasting
 - Level 8.7 Conjurations
 - Level 5.8 Translocations
 + Level 2.6 Fire Magic
 - Level 8.1 Invocations
 - Level 6.5 Evocations


You had 12 spell levels left.
You knew the following spells:

 Your Spells              Type           Power      Damage    Failure   Level
a - Magic Dart            Conj           100%       1d8       1%          1
b - Searing Ray           Conj           74%        2d7       1%          2
c - Iskenderun's Mystic   Conj/Tloc      31%        2d8       7%          4
d - Sticky Flame          Conj/Fire      26%        2d5       14%         4

Your spell library contained the following spells:

 Spells                   Type           Power      Damage    Failure   Level
 Conjure Flame            Conj/Fire      26%        6-21      4%          3
 Dazzling Flash           Conj/Hex       42%        N/A       7%          3
 Mephitic Cloud           Conj/Pois/Air  16%        N/A       13%         3
 Pain                     Necr           20%        1d5       14%         1
 Sting                    Tmut/Pois      20%        1d4       14%         1
 Summon Small Mammal      Summ           20%        N/A       14%         1
 Call Imp                 Summ           5%         N/A       22%         2
 Poisonous Vapours        Pois/Air       10%        N/A       22%         2
 Fulminant Prism          Conj/Hex       10%        3d9       24%         4
 Ignite Poison            Fire/Tmut/Pois 8%         N/A       30%         3
 Call Canine Familiar     Summ           5%         N/A       38%         3
 Summon Guardian Golem    Hex/Summ       5%         N/A       38%         3
 Olgreb's Toxic Radiance  Pois           5%         N/A       80%         4
 Agony                    Necr           5%         N/A       98%         5
 Excruciating Wounds      Necr           2%         N/A       98%         5


Dungeon Overview and Level Annotations

Branches:
Dungeon (10/15)            Temple (0/1) D:7             Orc (1/2) D:9
  Sewer (visited)           IceCv (1/1)
   Lair: D:8-11

Altars:
Hepliaklqana
Makhleb
Okawaru
Wu Jian
Xom
The Shining One

Shops:
D:3 ?


Message History

The white draconian hits you with a +0 mace.
Simosihle closely misses the white draconian.
The searing ray hits the white draconian!
The white draconian is lightly wounded.
You finish channelling your searing ray.
The white draconian hits you but does no damage.
Simosihle hits the white draconian but does no damage.
Simosihle drains the white draconian.
Casting: Searing Ray (safe; 1% risk of failure)
Confirm with . or Enter, or press ? or * to list all spells.
Aiming: Searing Ray (safe; 1% risk of failure)
Press: ? - help, Shift-Dir - straight line, f/p - rime drake
Aim: a rime drake (severely wounded, 76% to hit)
The searing ray hits the white draconian.
The white draconian is moderately wounded.
The searing ray hits the rime drake!
The rime drake is almost dead. (Press . to maintain the ray.)
The white draconian breathes frost at you.
The blast of cold hits you!
Simosihle casts a spell at the white draconian.
The white draconian resists with some effort.
The searing ray hits the white draconian.
The white draconian is moderately wounded.
The searing ray hits the rime drake.
You kill the rime drake!
The white draconian completely misses you.
Simosihle hits the white draconian but does no damage.
Simosihle drains the white draconian.
The searing ray hits the white draconian!
The white draconian is moderately wounded.
The white draconian breathes frost at you.
The blast of cold hits you!!
* * * LOW HITPOINT WARNING * * *
Simosihle hits the white draconian but does no damage.
Simosihle hits the white draconian with a +0 dagger of draining!
Simosihle drains the white draconian.
The white draconian breathes frost at you.
The blast of cold hits you!!
You die...

#..##
#..##
#.##
##..##
..#
##..###
.##
##.R.# ##
###.###
##
#..#.##
.#
##.##..#
.#
#..#R.†#
##
##.@d#.##
#
#####..#
# #...#
## ##..#
.# ##.#
.# ..# .#
### .d#
## ##.##
..##
R####...#
##


dk You could see the friendly Simosihle the hexer and a white draconian
(catching breath, drained, ally target).

Vanquished Creatures
  Harold (D:7)
  A two-headed ogre (D:9)
  Erica (D:8)
  An orc high priest (Orc:1)
  The ghost of southernslant the Poker, a novice DsFi of Vehumet (D:7)
  2 ugly things (D:9)
  2 ice statues (IceCv)
  A kobold demonologist (D:9)
  3 rime drakes (IceCv)
  An ice devil (Orc:1)
  A hornet (D:9)
  Prince Ribbit (D:7)
  A wyvern (D:8)
  Edmund (D:5)
  An ice beast (D:5)
  6 orc warriors
  3 ogres
  A phantom (D:6)
  2 gnoll sergeants (D:7)
  9 kobold brigands
  2 scorpions (D:6)
  2 lindwurm simulacra (IceCv)
  3 wights
  4 howler monkeys
  3 komodo dragon simulacra (IceCv)
  3 orc priests
  A bullfrog skeleton (D:6)
  2 bullfrog zombies (D:5)
  A hound (D:4)
  A jelly (D:5)
  A centaur skeleton (D:4)
  2 iguanas
  8 orc wizards
  A killer bee zombie (D:8)
  A hound zombie (D:5)
  2 howler monkey zombies
  6 adders
  8 gnolls
  5 acid dragon simulacra (IceCv)
  3 river rats
  4 white imps
  4 steam dragon simulacra (IceCv)
  5 worms
  2 dart slugs
  23 orcs
  12 ball pythons
  7 endoplasms
  3 giant cockroaches
  15 goblins
  A hobgoblin (D:1)
  3 jackals (D:2)
  3 quokkas
  4 bats
  4 frilled lizards
  35 kobolds
  8 rats
232 creatures vanquished.

Vanquished Creatures (collateral kills)
  2 two-headed ogres
  An ugly thing (D:9)
  An unseen horror (D:10)
  A kobold demonologist (D:9)
  An ice devil (Orc:1)
  A hornet (D:8)
  Grinder (D:5)
  2 trolls
  Sigmund (D:2)
  Eustachio (D:4)
  A steam dragon (D:8)
  A water moccasin (D:7)
  4 orc warriors
  A sky beast (D:5)
  A hornet zombie (D:5)
  A black bear (D:7)
  A centaur (D:7)
  5 kobold brigands
  A scorpion (D:7)
  A lindwurm simulacrum (IceCv)
  3 wights
  3 howler monkeys
  A hound (D:5)
  A komodo dragon simulacrum (IceCv)
  Terence (D:2)
  4 orc wizards
  A hound skeleton (D:4)
  2 gnolls
  A river rat (Sewer)
  An acid dragon simulacrum (IceCv)
  A white imp (D:8)
  3 steam dragon simulacra (IceCv)
  A worm (D:2)
  A dart slug (D:2)
  9 orcs
  A bat (D:5)
  2 endoplasms
  A giant cockroach (D:4)
  A goblin (D:3)
  A hobgoblin (D:1)
  7 kobolds
  A quokka (D:2)
  3 rats
79 creatures vanquished.

Vanquished Creatures (others)
  2 orc wizards (D:7)
  8 hexers
  37 plants (D:2)
47 creatures vanquished.

Grand Total: 358 creatures vanquished

Notes
Turn   | Place    | Note
-------+----------+-------------------------------------------
     0 | D:1      | Smuffin the Hill Orc Conjurer began the quest for the Orb.
     0 | D:1      | Reached XP level 1. HP: 14/14 MP: 3/3
   219 | D:1      | Reached XP level 2. HP: 20/22 MP: 0/4
   238 | D:1      | Learned a level 2 spell: Searing Ray
   309 | D:1      | Found a faded altar of an unknown god.
   316 | D:1      | Prayed at the altar of an unknown god.
   316 | D:1      | Became a worshipper of Hepliaklqana the Forgotten
   316 | D:1      | Reached * piety under Hepliaklqana
   385 | D:1      | Reached skill level 1 in Fighting
   503 | D:1      | Reached skill level 1 in Armour
   668 | D:1      | Reached XP level 3. HP: 25/25 MP: 1/5
  1178 | D:2      | Noticed Sigmund
  1186 | D:2      | Killed Sigmund
  1187 | D:2      | Reached skill level 2 in Fighting
  1187 | D:2      | Reached XP level 4. HP: 23/33 MP: 1/7
  1187 | D:2      | Reached XP level 5. HP: 27/39 MP: 1/8
  1249 | D:2      | Learned a level 4 spell: Iskenderun's Mystic Blast
  1341 | D:2      | Reached skill level 3 in Fighting
  1480 | D:2      | Reached XP level 6. HP: 45/45 MP: 6/9
  1566 | D:2      | Reached ** piety under Hepliaklqana
  1567 | D:2      | Remembered your ancestor Simosihle as a hexer
  1626 | D:2      | Noticed Terence
  1634 | D:2      | Killed Terence
  1635 | D:2      | Reached skill level 5 in Conjurations
  3605 | D:3      | Found Qazeynapt's Magic Scroll Emporium.
  3612 | D:3      | Bought a scroll of identify for 24 gold pieces
  3612 | D:3      | Bought a scroll of identify for 24 gold pieces
  3612 | D:3      | Bought a scroll of identify for 24 gold pieces
  3829 | D:4      | Reached skill level 1 in Translocations
  4224 | D:4      | Reached *** piety under Hepliaklqana
  4593 | D:4      | Noticed Eustachio
  4607 | D:4      | Killed Eustachio
  4608 | D:4      | Reached XP level 7. HP: 47/52 MP: 4/11
  4870 | D:5      | Entered Level 5 of the Dungeon
  4874 | D:5      | Reached skill level 4 in Fighting
  4876 | D:5      | Noticed Edmund
  4900 | D:5      | Killed Edmund
  4901 | D:5      | Reached skill level 1 in Invocations
  4980 | D:5      | Found a glowing drain.
  4983 | D:5      | Reached skill level 1 in Evocations
  5001 | Sewer    | Entered a sewer
  5299 | Sewer    | Reached XP level 8. HP: 60/60 MP: 4/12
  6181 | D:5      | Reached skill level 5 in Fighting
  6287 | D:5      | Noticed Grinder
  6295 | D:5      | Killed Grinder
  7027 | D:6      | Reached XP level 9. HP: 66/66 MP: 7/14
  7030 | D:6      | Reached **** piety under Hepliaklqana
  8514 | D:7      | Found an ornate altar of the Wu Jian Council.
  8562 | D:7      | Noticed southernslant's ghost (novice DsFi)
  8932 | D:7      | Found a transporter.
  8936 | D:7      | Found a transporter.
  9282 | D:7      | Reached skill level 6 in Fighting
  9559 | D:7      | Found a staircase to the Ecumenical Temple.
  9640 | D:7      | Noticed Prince Ribbit
  9647 | D:7      | Killed Prince Ribbit
  9693 | D:7      | Reached skill level 7 in Fighting
  9693 | D:7      | Reached skill level 5 in Stealth
  9693 | D:7      | Reached skill level 5 in Spellcasting
  9693 | D:7      | Reached skill level 5 in Evocations
  9693 | D:7      | Reached XP level 10. HP: 79/79 MP: 13/17
  9781 | D:7      | Identified the +9 fustibalus of Makhleb's Generosity
                  | {speed, rElec rF- Int+3}
  9991 | D:7      | Noticed Harold
 10004 | D:7      | Killed Harold
 10005 | D:7      | Reached XP level 11. HP: 71/84 MP: 8/19
 10168 | D:7      | Found an iron altar of Okawaru.
 10330 | D:7      | Killed southernslant's ghost
 10331 | D:7      | Reached skill level 8 in Fighting
 10331 | D:7      | Reached skill level 5 in Translocations
 10448 | D:8      | Noticed a two-headed ogre
 10454 | D:8      | Killed a two-headed ogre
 11120 | D:8      | Reached ***** piety under Hepliaklqana
 11334 | D:8      | Noticed Erica
 11350 | D:8      | Killed Erica
 11779 | D:9      | Noticed a two-headed ogre
 11785 | D:9      | Killed a two-headed ogre
 11830 | D:9      | Identified the +4 trident "Girchuatu" {freeze, rC- Str+5
                  | Dex+2}
 11995 | D:9      | Found a staircase to the Orcish Mines.
 12235 | D:9      | Found a glowing golden altar of the Shining One.
 12235 | D:9      | Found a burning altar of Makhleb.
 12235 | D:9      | Noticed a two-headed ogre
 12243 | D:9      | Killed a two-headed ogre
 12400 | D:9      | Noticed a cyan ugly thing
 12454 | D:9      | Killed a cyan ugly thing
 12838 | D:9      | Identified the +8 dagger of Karuif {chaos, Fragile rPois
                  | MP+9 Str+6}
 12838 | D:9      | Noticed a cyan ugly thing
 12861 | D:9      | Found a large runed translucent door.
 12861 | D:9      | Found a large runed translucent door.
 12862 | D:9      | Found a shimmering altar of Xom.
 12862 | D:9      | Noticed a white ugly thing
 13415 | D:10     | Entered Level 10 of the Dungeon
 13553 | D:10     | Reached skill level 9 in Fighting
 13790 | D:9      | Reached XP level 12. HP: 69/93 MP: 16/21
 14259 | D:9      | Reached skill level 1 in Short Blades
 14458 | Orc:1    | Entered Level 1 of the Orcish Mines
 14508 | Orc:1    | Noticed an orc high priest
 14520 | Orc:1    | Killed an orc high priest
 14550 | Orc:1    | Found a frozen archway.
 14574 | Orc:1    | HP: 1/93 [ice devil (19)]
 14657 | IceCv    | Entered an ice cave
 14671 | IceCv    | Reached skill level 5 in Short Blades
 15610 | IceCv    | Learned a level 4 spell: Sticky Flame
 15963 | IceCv    | Reached skill level 1 in Fire Magic
 16374 | IceCv    | Noticed a white draconian
 16515 | IceCv    | Killed from afar by a white draconian

Illustrated notes

Levels and vault maps discovered:
D:1:      matt_arrival_los_fun, layout_basic, basic_ecumenical_altar,
          chequers_serial_rivers_room_a, minmay_hexomino_f4
D:2:      layout_basic, serial_bayou, serial_bayou_pond_e, serial_bayou_pond_a,
          serial_bayou_lagoon_a, serial_bayou_crossing, serial_bayou_pond_c,
          serial_bayou_lagoon_b, minmay_small_reverse_x, uniq_sigmund,
          uniq_terence
D:3:      layout_basic, serial_shops, shop
D:4:      layout_loops_corners, kennysheep_another_room, uniq_eustachio
D:5:      layout_basic, cheibrodos_sewer_entry_sluice, uniq_edmund, uniq_grinder
D:6:      layout_layer_cave, hex_tiny
D:7:      layout_basic, mainiacjoe_overflow_brackets,
          mainiacjoe_overflow_alcove_4, minmay_temple_entry_purple_smoke,
          gammafunk_ghost_arena, lightli_minifort, uniq_harold,
          uniq_prince_ribbit1
D:8:      layout_rooms, serial_aquarium, aquarium_bridge_island_small
          [aquarium_subvault_small_open, aquarium_subvault_bridge,
          aquarium_subvault_bridge, aquarium_subvault_window,
          aquarium_subvault_bridge], aquarium_window_corridor_3,
          aquarium_window_1, aquarium_view_2g, aquarium_view_2c,
          minmay_misc_feat_chi, kennysheep_generic_room_11, uniq_erica
D:9:      due_chaos_kobolds, layout_stronghold, gammafunk_temple_overflow_pools,
          orc_0_dummy
D:10:     layout_irregular_city, nicolae_trove_entry_crystal
Orc:1:    layout_diamond_mine, portal_ice_cave_demonic_guard, serial_shops,
          shop, lightli_church_of_beogh, uniq_josephine
IceCv:    ice_cave_small_dragons

Skill      XL: |  1  2  3  4  5  6  7  8  9 10 11 12 |
---------------+-------------------------------------+-----
Fighting       | 1 2 3 4 5 7 9 |  9.1
Armour         | 1 2 3 |  3.6
Spellcasting   | 2 3 5 6 |  6.1
Conjurations   | 5 6 7 8 |  8.7
Translocations | 1 2 4 5 |  5.8
Invocations    | 1 3 7 8 |  8.1
Stealth        | 2 5 |  5.7
Evocations     | 1 2 5 6 |  6.5
Dodging        | 2 3 4 |  4.7
Short Blades   | 5 |  5.9
Fire Magic     | 2 |  2.6

Action                   |  1- 3 |  4- 6 |  7- 9 | 10-12 || total
-------------------------+-------+-------+-------+-------++-------
Melee: Unarmed           |     7 |       |       |       ||     7
       Short sword       |    11 |    70 |       |       ||    81
       Punch             |       |     1 |     3 |     1 ||     5
       Rapier            |       |       |   163 |    85 ||   248
       Dagger            |       |       |       |    90 ||    90
 Cast: Magic Dart        |    47 |    37 |    60 |    30 ||   174
       Searing Ray       |     1 |    10 |    33 |    73 ||   117
       Iskenderun's Myst |       |       |       |     2 ||     2
       Sticky Flame      |       |       |       |     3 ||     3
Invok: Recall Ancestor   |     2 |       |       |     4 ||     6
       Ancestor Life: He |       |     1 |       |       ||     1
Evoke: Wand              |       |       |       |    17 ||    17
  Use: Scroll            |     3 |     6 |    10 |     5 ||    24
       Potion            |       |       |     1 |     1 ||     2
 Stab: Confused          |       |       |     3 |     4 ||     7
       Sleeping          |       |       |     2 |     3 ||     5
       Distracted        |       |       |       |     1 ||     1
       Paralysed         |       |       |       |     1 ||     1
Armor: Robe              |    13 |     4 |       |       ||    17
       Ring mail         |       |    29 |       |       ||    29
       Leather armour    |       |       |    90 |   100 ||   190
Dodge: Dodged            |    12 |    45 |   108 |   111 ||   276

Table legend: (Time is in decaauts)
 A = Elapsed time spent in this place.
 B = Non-inter-level travel time spent in this place.
 C = Inter-level travel time spent in this place.
 D = Time resting spent in this place.
 E = Time spent auto-exploring this place.
 F = Levels seen in this place.
 G = Mean time per level.
                   A        B        C        D        E       F      G
               +--------+--------+--------+--------+--------+-----+--------+
         Total |  16776 |  16433 |    343 |   4116 |   9472 |  13 | 1290.5 |
       Dungeon |  13690 |  13347 |    343 |   2559 |   8747 |  10 | 1369.0 |
  Orcish Mines |    196 |    196 |      0 |     68 |      0 |   1 |  196.0 |
         Sewer |   1050 |   1050 |      0 |     80 |    695 |   1 | 1050.0 |
      Ice Cave |   1839 |   1839 |      0 |   1409 |     29 |   1 | 1839.0 |
               +--------+--------+--------+--------+--------+-----+--------+

Top non-repeatable levels by time:
     D:7: 2351 daAuts
     D:9: 2345 daAuts
   IceCv: 1839 daAuts
     D:2: 1551 daAuts
     D:8: 1340 daAuts
     D:5: 1282 daAuts
     D:4: 1185 daAuts
     D:1: 1115 daAuts
     D:6: 1091 daAuts
     D:3: 1081 daAuts
   Sewer: 1050 daAuts
    D:10: 346 daAuts
   Orc:1: 196 daAuts
